[Event "Titled Tuesday Blitz March 15 Late 2022"]
[White "Zavgorodniy, Sergiy"]
[Black "Rengifo Blancas, Renzo Jhonathan"]
[WhiteFideId "14110148"]
[BlackFideId "3807185"]
[WhiteElo "2420"]
[BlackElo "2058"]
[Result "1-0"]
[Round "04"]
[TimeControl "180+1"]
[Date "2022.03.16"]
[WhiteClock "0:00:16"]
[BlackClock "0:00:03"]

1. e4 e5 2. Nf3 Nc6 3. Bb5 Nd4 4. Nxd4 exd4 5. O-O c6 6. Ba4 d5 7. exd5 Qxd5 8. Re1+ Be6 9. Bb3 Qf5 10. Bxe6 fxe6 11. d3 Nf6 12. Nd2 Bb4 13. a3 Bxd2 14. Bxd2 O-O 15. Qe2 Rae8 16. h3 c5 17. Qe5 Nd7 18. Qg3 e5 19. Re4 Nf6 20. Re2 Nh5 21. Qg4 Qxg4 22. hxg4 Nf6 23. f3 Re6 24. Rae1 Rfe8 25. c4 h6 26. g5 Nd7 27. gxh6 gxh6 28. Kf2 Kf7 29. Rh1 Rg6 30. Rh5 Kg7 31. Re1 b6 32. b4 Ree6 33. b5 Re8 34. a4 Rge6 35. a5 Rg6 36. axb6 axb6 37. Ra1 Kf7 38. Ra7 Ke6 39. Rh1 Reg8 40. Rxh6 Rxh6 41. Bxh6 Rh8 42. Bd2 Rh1 43. g4 Rd1 44. Ke2 Rg1 45. Be1 Rg2+ 46. Bf2 Rh2 47. Kf1 Rh1+ 48. Bg1 Rh8 49. Kg2 Rg8 50. Bh2 Rh8 51. Bg3 Rg8 52. Rc7 Rh8 53. Rc6+ Ke7 54. g5 Rg8 55. Bh4 Ra8 56. Kg3 Ra3 57. g6+ Ke8 58. Rc8# 1-0


[Site "https://www.chess.com"]

[Event "Titled Tuesday Blitz March 15 Late 2022"]
[White "Zhigalko, Sergei"]
[Black "Grischuk, Alexander"]
[WhiteFideId "13502956"]
[BlackFideId "4126025"]
[WhiteElo "2662"]
[BlackElo "2762"]
[Result "1/2-1/2"]
[Round "04"]
[TimeControl "180+1"]
[Date "2022.03.15"]
[WhiteClock "0:00:09"]
[BlackClock "0:00:14"]

1. d4 Nf6 2. c4 e6 3. Nc3 Bb4 4. e3 O-O 5. Bd3 d5 6. Nf3 dxc4 7. Bxc4 c5 8. O-O cxd4 9. exd4 a6 10. Bg5 b5 11. Bb3 Bb7 12. Qe2 Bxc3 13. bxc3 Nbd7 14. Ne5 Qc7 15. Bxf6 Nxf6 16. Rfc1 Bd5 17. c4 bxc4 18. Bxc4 Rac8 19. h3 a5 20. Rab1 h6 21. Qe1 Qa7 22. Bxd5 Nxd5 23. Nc6 Qa6 24. Nxa5 Nf4 25. Rxc8 Rxc8 26. Kh1 Qd3 27. Rd1 Qg6 28. Qf1 Rc2 29. Nb3 Rxa2 30. Nc5 Qf5 31. Nd3 Nxd3 32. Qxd3 Qxf2 33. Rg1 Rd2 34. Qe4 Qxd4 35. Qa8+ Qd8 36. Qf3 Qd5 37. Qf4 Rd1 38. Qb8+ Kh7 39. Rxd1 Qxd1+ 40. Kh2 Qd5 41. Qc7 f6 42. Kh1 Qe4 43. Qc3 f5 44. Kg1 f4 45. Kh2 Qf5 46. Kg1 e5 47. Qc5 Qe6 48. Qf2 Qd5 49. Qc2+ e4 50. Qf2 Qe5 51. Qc2 Qd4+ 52. Kh2 Qd3 53. Qc7 e3 54. Qxf4 e2 55. Qe5 Kg6 56. Qe6+ Kh7 57. Qe5 Qc4 58. Qe3 Qb5 59. Qe4+ Kg8 60. Qe6+ Kf8 61. Qe4 Qb8+ 62. Kg1 Qe8 63. Qxe8+ Kxe8 64. Kf2 Ke7 65. Kxe2 Ke6 66. Ke3 Ke5 67. Kf3 Kf5 68. g4+ Ke5 69. Ke3 g5 70. Kf3 Kd4 71. Kg3 Ke3 72. h4 Ke4 73. hxg5 hxg5 74. Kh3 Kf3 75. Kh2 Kf2 76. Kh1 Kg3 77. Kg1 Kh3 78. Kh1 Kh4 79. Kg1 Kxg4 80. Kg2 Kf4 81. Kf2 g4 82. Kg2 g3 83. Kg1 Kg4 84. Kg2 Kf4 85. Kg1 Kf3 86. Kf1 g2+ 87. Kg1 Kg3 1/2-1/2


[Site "https://www.chess.com"]

[Event "Titled Tuesday Blitz March 15 Late 2022"]
[White "Zhou, Qiyu"]
[Black "Winkels, Marcel"]
[WhiteFideId "505161"]
[BlackFideId "1003887"]
[WhiteElo "1925"]
[BlackElo "1900"]
[Result "1-0"]
[Round "04"]
[TimeControl "180+1"]
[Date "2022.03.16"]
[WhiteClock "0:00:41"]
[BlackClock "0:00:14"]

1. e4 c5 2. Nf3 d6 3. d4 cxd4 4. Nxd4 Nf6 5. Nc3 a6 6. Be3 e5 7. Nb3 Be6 8. h3 Be7 9. Qf3 Nc6 10. O-O-O O-O 11. g4 b5 12. g5 Nd7 13. h4 Rc8 14. Kb1 Qc7 15. Bd3 Nb4 16. Rd2 Nxd3 17. cxd3 Nc5 18. Nxc5 dxc5 19. h5 b4 20. Nd5 Bxd5 21. exd5 c4 22. dxc4 Qxc4 23. d6 Bd8 24. Qd5 Qxd5 25. Rxd5 f6 26. g6 h6 27. d7 Rc4 28. Bc5 a5 29. Bxf8 Kxf8 30. Rc1 Rxc1+ 31. Kxc1 Ke7 32. Kc2 Ke6 33. Rd1 f5 34. Kb3 e4 35. Kc4 Ke5 36. Kc5 f4 37. Kc6 e3 38. fxe3 fxe3 39. Kb7 Ke4 40. Kc8 Bh4 41. Rh1 Bg5 42. d8=Q Bxd8 43. Kxd8 Kd3 44. Ke7 e2 45. Kf7 Kd2 46. Kxg7 e1=Q 47. Rxe1 Kxe1 48. Kxh6 Kd2 49. g7 Kc2 50. g8=Q Kxb2 51. Qb3+ Ka1 52. Kg5 a4 53. Qxa4 b3 54. axb3+ 1-0


[Site "https://www.chess.com"]

[Event "Titled Tuesday Blitz March 15 Late 2022"]
[White "Abdyzhapar, Asylbek"]
[Black "Paravyan, David"]
[WhiteFideId "13800337"]
[BlackFideId "4194985"]
[WhiteElo "2331"]
[BlackElo "2569"]
[Result "0-1"]
[Round "05"]
[TimeControl "180+1"]
[Date "2022.03.15"]
[WhiteClock "0:01:29"]
[BlackClock "0:00:14"]

1. d4 Nf6 2. c4 g6 3. Nc3 d5 4. cxd5 Nxd5 5. e4 Nxc3 6. bxc3 Bg7 7. Bb5+ c6 8. Ba4 O-O 9. Ne2 b5 10. Bb3 a5 11. O-O a4 12. Bc2 c5 13. Be3 cxd4 14. cxd4 Nd7 15. Rb1 Ba6 16. Bd3 Qa5 17. a3 Rfb8 18. Bd2 Qd8 19. Bb4 Nb6 20. d5 Nc4 21. Bxc4 bxc4 22. Nd4 c3 23. Nc6 Qc7 24. Re1 Bb5 25. Nxe7+ Kh8 26. Rc1 Bd7 27. e5 Rxb4 28. axb4 Bxe5 29. d6 Qxd6 30. Qxd6 Bxd6 31. Nd5 Be6 32. Nxc3 Bxb4 33. Re4 Bxc3 34. Rxc3 a3 35. Re1 a2 36. Ra1 Rb8 37. Rcc1 Rb2 38. h3 Bf5 39. g4 Be4 40. Rf1 Kg7 41. Kh2 Rb1 42. Rxa2 Rxf1 43. Kg3 g5 44. Re2 Bg6 45. Rd2 Rb1 46. f3 Rb3 47. Rf2 h5 48. h4 hxg4 49. Kxg4 Rb4+ 50. Kg3 gxh4+ 51. Kh2 Bf5 52. Rg2+ Kf6 53. Rd2 Rc4 54. Rb2 Rc2+ 55. Rxc2 Bxc2 56. Kh3 Kg5 0-1


[Site "https://www.chess.com"]

[Event "Titled Tuesday Blitz March 15 Late 2022"]
[White "Albuquerque Junior,Wellington S."]
[Black "Issani, Nameer"]
[WhiteFideId "2151480"]
[BlackFideId "2619130"]
[WhiteElo "2042"]
[BlackElo "2556"]
[Result "0-1"]
[Round "05"]
[TimeControl "180+1"]
[Date "2022.03.16"]
[WhiteClock "0:00:02"]
[BlackClock "0:00:48"]

1. c4 e5 2. g3 c6 3. d4 exd4 4. Nf3 c5 5. Bg2 Nc6 6. O-O Nf6 7. e3 dxe3 8. Bxe3 Be7 9. Nc3 O-O 10. Nd5 d6 11. Nxe7+ Nxe7 12. Bf4 Nf5 13. Qd3 Be6 14. Rac1 Qb6 15. Ng5 Nd4 16. Rfe1 Bf5 17. Ne4 Kh8 18. f3 Rfe8 19. b3 d5 20. cxd5 c4 21. Qe3 Rxe4 22. fxe4 Ng4 23. bxc4 Nxe3 24. Bxe3 Re8 0-1


[Site "https://www.chess.com"]

[Event "Titled Tuesday Blitz March 15 Late 2022"]
[White "Aldokhin, Ivan"]
[Black "Abdrlauf, Elham"]
[WhiteFideId "24115720"]
[BlackFideId "1533533"]
[WhiteElo "2231"]
[BlackElo "2334"]
[Result "0-1"]
[Round "05"]
[TimeControl "180+1"]
[Date "2022.03.15"]
[WhiteClock "0:00:04"]
[BlackClock "0:00:40"]

1. d4 Nf6 2. c4 e6 3. Nc3 d5 4. cxd5 exd5 5. Bg5 c6 6. Qc2 Bd6 7. e3 O-O 8. Bd3 h6 9. Bh4 Re8 10. Nge2 a5 11. h3 Na6 12. a3 Nc7 13. g4 Ne6 14. f4 Be7 15. Bxf6 Bxf6 16. O-O-O Nf8 17. e4 dxe4 18. Nxe4 Be6 19. Nxf6+ Qxf6 20. Kb1 Bd5 21. g5 Qe6 22. gxh6 Bb3 23. Qc3 Bxd1 24. hxg7 Bxe2 25. gxf8=Q+ Kxf8 26. Bc2 Qc4 27. Qg3 Ke7 28. Rc1 Qxd4 29. f5 Kf6 30. Qc7 Bd3 0-1


[Site "https://www.chess.com"]

[Event "Titled Tuesday Blitz March 15 Late 2022"]
[White "Al-Tarboush, Ward"]
[Black "Torres Hernandez, Leslie Carolin"]
[WhiteFideId "7601450"]
[BlackFideId "8400504"]
[WhiteElo "2276"]
[BlackElo "1920"]
[Result "1-0"]
[Round "05"]
[TimeControl "180+1"]
[Date "2022.03.16"]
[WhiteClock "0:00:38"]
[BlackClock "0:00:24"]

1. d4 Nf6 2. Nf3 e6 3. Nc3 Bd6 4. e4 Bb4 5. Bd3 d5 6. e5 Ne4 7. Bd2 Nxd2 8. Qxd2 c5 9. a3 Bxc3 10. bxc3 c4 11. Be2 Nc6 12. O-O O-O 13. Ne1 f6 14. f4 fxe5 15. fxe5 Bd7 16. Nf3 Qe7 17. Qe1 Rf7 18. Qg3 Raf8 19. h3 Qd8 20. Nh2 Ne7 21. Ng4 Kh8 22. Qh4 Nf5 23. Qe1 h5 24. Nh2 Qg5 25. Nf3 Qe3+ 26. Kh1 h4 27. Kh2 Qf4+ 28. Kg1 Qe3+ 29. Qf2 Qf4 30. Rab1 b6 31. Nh2 Qxf2+ 32. Rxf2 Ng3 33. Bf3 Ne4 34. Bxe4 Rxf2 35. Bg6 Ba4 36. Rc1 R8f4 37. Ng4 Rd2 38. Ne3 Re4 39. Bxe4 dxe4 40. Nxc4 Rxc2 41. Rxc2 Bxc2 42. Kf2 Bd3 43. Nd6 Kh7 44. d5 exd5 45. e6 e3+ 46. Kxe3 Bg6 1-0


[Site "https://www.chess.com"]

[Event "Titled Tuesday Blitz March 15 Late 2022"]
[White "Ambartsumova, Karina"]
[Black "Przybylski, Wojciech"]
[WhiteFideId "4166299"]
[BlackFideId "1117599"]
[WhiteElo "2262"]
[BlackElo "2133"]
[Result "0-1"]
[Round "05"]
[TimeControl "180+1"]
[Date "2022.03.16"]
[WhiteClock "0:00:04"]
[BlackClock "0:00:06"]

1. d4 Nf6 2. Nf3 e6 3. c4 b6 4. g3 Ba6 5. Qc2 Bb7 6. Bg2 Be7 7. O-O O-O 8. Nc3 d5 9. Ne5 c6 10. Qa4 Nfd7 11. cxd5 exd5 12. f4 b5 13. Qc2 Nf6 14. Be3 Nbd7 15. Bf2 Nb6 16. g4 Rc8 17. Rad1 Nc4 18. h3 Nd7 19. e4 f6 20. Nxd7 Qxd7 21. e5 fxe5 22. fxe5 Bg5 23. Qe2 Qe7 24. b3 Nb6 25. Rd3 Rf7 26. Bg3 Rcf8 27. Rxf7 Rxf7 28. Rf3 Bc8 29. Kh2 Be6 30. Nd1 Nd7 31. Ne3 g6 32. Nd1 Kg7 33. Qc2 Nb8 34. Nf2 Rxf3 35. Bxf3 Qf7 36. Kg2 Qe8 37. Nd3 Na6 38. Nc5 Nxc5 39. Qxc5 Qd7 40. a4 Be7 41. Qc3 bxa4 42. bxa4 c5 43. dxc5 Qxa4 44. c6 Qc4 45. Qxc4 dxc4 46. c7 a5 47. Be1 Bb4 48. Bf2 Bc8 49. Bc6 c3 50. Be3 c2 51. Bc1 Kf7 52. Kf3 Ke6 53. Ke4 Bc3 54. Kd3 Bxe5 55. Kxc2 Bxc7 56. Bf3 Ke5 57. Bb2+ Kf4 58. Bd5 Bd7 59. Bg8 h6 60. Bf7 g5 61. Bg7 Kg3 62. Bxh6 Kh4 63. Bh5 Bc6 64. Bg7 Bg2 65. Bf7 Bc6 66. Be6 a4 67. Bf6 Bd6 68. Kb2 a3+ 69. Ka2 Bg2 70. Bf5 Bxh3 71. Bd3 Bxg4 72. Bf1 Bf3 73. Bd3 Bd5+ 74. Kb1 Kg4 75. Be2+ Kf5 76. Bd8 g4 77. Bxg4+ Kxg4 78. Ba5 Kf5 79. Bc3 Ke4 80. Ka1 Kd3 81. Bg7 Bc4 82. Bh8 Bb4 83. Bf6 Bc5 84. Bg7 Bd6 85. Bf6 Ke4 86. Bg7 Kd5 87. Bc3 Kc5 88. Bh8 Kb5 89. Bf6 Ka4 90. Bg7 Kb3 91. Bh8 Bf4 92. Bd4 Bc1 93. Kb1 Bd2 94. Ka1 Bd5 95. Kb1 Be4+ 96. Ka1 Bc1 97. Bc3 Bb2+ 98. Bxb2 axb2# 0-1


[Site "https://www.chess.com"]

[Event "Titled Tuesday Blitz March 15 Late 2022"]
[White "Ansh M Shah"]
[Black "Hartikainen, Jarmo"]
[WhiteFideId "25033379"]
[BlackFideId "503134"]
[WhiteElo "1819"]
[BlackElo "2095"]
[Result "1-0"]
[Round "05"]
[TimeControl "180+1"]
[Date "2022.03.16"]
[WhiteClock "0:02:25"]
[BlackClock "0:00:40"]

1. d4 Nf6 2. c4 g6 3. h4 d5 4. Nc3 Bg7 5. h5 Nxh5 6. cxd5 c6 7. e4 cxd5 8. e5 f5 9. Be2 e6 10. Bxh5 gxh5 11. Qxh5+ Kd7 12. Bg5 Qb6 13. Qf7+ Kc6 14. Qxg7 Qxb2 15. Rc1 1-0


[Site "https://www.chess.com"]

[Event "Titled Tuesday Blitz March 15 Late 2022"]
[White "Ardila, Oscar Humberto"]
[Black "Zotova, Anastasia"]
[WhiteFideId "4404742"]
[BlackFideId "34124907"]
[WhiteElo "1966"]
[BlackElo "1860"]
[Result "0-1"]
[Round "05"]
[TimeControl "180+1"]
[Date "2022.03.16"]
[WhiteClock "0:00:06"]
[BlackClock "0:00:47"]

1. d4 d5 2. c4 dxc4 3. Nc3 Nf6 4. Nf3 e6 5. Bg5 Be7 6. e3 O-O 7. Bxc4 c5 8. dxc5 Qa5 9. O-O Qxc5 10. Qe2 Nc6 11. Rad1 Ne5 12. Nxe5 Qxe5 13. Bf4 Qa5 14. Qf3 Qb4 15. Bb3 Bd7 16. Rd4 Qb6 17. Rfd1 Bc6 18. Qe2 Rfd8 19. Be5 Rxd4 20. Bxd4 Qc7 21. Nb5 Qa5 22. Nc3 Rd8 23. h3 Qg5 24. f4 Qa5 25. g4 h6 26. Kh2 Ne4 27. Bc2 Nxc3 28. Bxc3 Qc5 29. Rxd8+ Bxd8 30. Qd3 Bb6 31. Qh7+ Kf8 32. Qh8+ Ke7 33. Qxg7 Qxe3 34. Bf6+ Kd6 35. Qf8+ Kd5 36. Bb3+ Ke4 37. Qb4+ Kf3 38. Bd1+ Kf2 39. Qc3 Qxf4+ 0-1


[Site "https://www.chess.com"]

[Event "Titled Tuesday Blitz March 15 Late 2022"]
[White "Awoki, Daniel Teidi"]
[Black "Lewtak, Damian"]
[WhiteFideId "2100827"]
[BlackFideId "1141724"]
[WhiteElo "2023"]
[BlackElo "2362"]
[Result "0-1"]
[Round "05"]
[TimeControl "180+1"]
[Date "2022.03.16"]
[WhiteClock "0:00:01"]
[BlackClock "0:00:17"]

1. d4 d5 2. Nf3 c6 3. c4 Nf6 4. Nc3 e6 5. Bf4 Bb4 6. e3 Ne4 7. Qc2 Qa5 8. Rc1 Qxa2 9. Bd3 Nxc3 10. bxc3 Qxc2 11. Rxc2 Be7 12. O-O Nd7 13. Ra1 b6 14. Rca2 a5 15. c5 bxc5 16. Rxa5 Rxa5 17. Rxa5 cxd4 18. Ra8 O-O 19. Nxd4 Bb7 20. Rxf8+ Kxf8 21. Nb3 Nc5 22. Nxc5 Bxc5 23. Bxh7 g6 24. Bh6+ Ke7 25. h4 Ba6 26. g4 Be2 27. h5 gxh5 28. gxh5 Bxh5 29. Kg2 f6 30. Bd3 e5 31. Ba6 Kd7 32. Bd3 e4 33. Ba6 Bd6 34. Kf1 Kc7 35. Ke1 Be5 36. Kd2 Bg4 37. Bf1 Kd7 38. Bf8 Be6 39. Bc5 Bd6 40. Bd4 Ke7 41. Bb6 Kf7 42. Be2 Kg6 43. Bd8 Be5 44. Be7 Kg5 45. Bf8 Kh4 46. Be7 Kh3 47. Bf1+ Kh2 48. Bb4 Kg1 49. Ke1 c5 50. Ba5 f5 51. Bb5 Bf6 52. Be2 Bh4 53. Bb6 Bxf2+ 54. Kd2 Bg3 55. Bxc5 Kf2 56. Bd4 Bd6 57. Ba6 Ba3 0-1


[Site "https://www.chess.com"]

[Event "Titled Tuesday Blitz March 15 Late 2022"]
[White "Badelka, Olga"]
[Black "Suder, Jakub"]
[WhiteFideId "13509926"]
[BlackFideId "1195310"]
[WhiteElo "2165"]
[BlackElo "2058"]
[Result "0-1"]
[Round "05"]
[TimeControl "180+1"]
[Date "2022.03.16"]
[WhiteClock "0:00:05"]
[BlackClock "0:01:25"]

1. e4 c5 2. Nc3 Nc6 3. g3 g6 4. Bg2 Bg7 5. d3 d6 6. f4 e6 7. Nf3 Nge7 8. O-O O-O 9. Be3 Rb8 10. d4 b6 11. Qd2 Ba6 12. Rf2 Qc7 13. Rd1 Rfd8 14. d5 exd5 15. exd5 Na5 16. Bf1 Bxf1 17. Rfxf1 Nc4 18. Qc1 Nxe3 19. Qxe3 Nf5 20. Qd3 Re8 21. Rde1 Qd7 22. a4 Bxc3 23. bxc3 Qxa4 24. g4 Ng7 25. c4 Qd7 26. h3 h5 27. f5 hxg4 28. hxg4 gxf5 29. Kg2 Rxe1 30. Rxe1 Re8 31. Rxe8+ Qxe8 32. gxf5 Qd7 33. Nh4 a5 34. Kg3 Kf8 35. Kg4 a4 36. Kg5 Qe7+ 37. Kg4 Qe5 38. Nf3 Qf6 39. Nd2 Qh6 40. Ne4 Qh5+ 41. Kf4 Qxf5+ 42. Ke3 Qh3+ 43. Kd2 Qxd3+ 44. Kxd3 Ke7 45. Kc3 f5 46. Nf2 Kf6 47. Kb2 Ke5 48. Ka3 Kd4 49. Kxa4 Kxc4 0-1


[Site "https://www.chess.com"]

[Event "Titled Tuesday Blitz March 15 Late 2022"]
[White "Bashirli, Nail"]
[Black "Melkumyan, Hrant"]
[WhiteFideId "13406809"]
[BlackFideId "13302485"]
[WhiteElo "2333"]
[BlackElo "2604"]
[Result "0-1"]
[Round "05"]
[TimeControl "180+1"]
[Date "2022.03.15"]
[WhiteClock "0:00:06"]
[BlackClock "0:00:20"]

1. e4 e6 2. Qe2 e5 3. Nf3 Nc6 4. g3 Nf6 5. Bg2 Bc5 6. O-O O-O 7. d3 Re8 8. Nc3 h6 9. Nd5 d6 10. Nxf6+ Qxf6 11. c3 Bg4 12. Be3 Bb6 13. a4 Rad8 14. h3 Bc8 15. b4 Bxe3 16. fxe3 Qe7 17. a5 g6 18. Rf2 Kg7 19. Raf1 Rf8 20. Nh4 Qg5 21. Kh2 Be6 22. Nf3 Qe7 23. d4 Bc8 24. Qa2 Rde8 25. Nh4 Nd8 26. Nf3 Ne6 27. Nd2 c6 28. Qb2 c5 29. bxc5 dxc5 30. d5 Nc7 31. Nc4 Qd8 32. Qa3 Na6 33. Rf6 Bd7 34. Rxa6 bxa6 35. Nd6 Re7 36. Qxc5 Bb5 37. c4 Rc7 38. Qb4 Rd7 39. c5 Bxf1 40. Bxf1 Qc7 41. h4 Rb8 42. Qc3 f6 43. Qa3 Rxd6 44. cxd6 Qc2+ 45. Kg1 Rb2 46. Qxb2 Qxb2 47. d7 Qb8 48. Bxa6 Kf8 49. Kf2 Ke7 50. Bc8 Kd8 51. a6 Qb4 52. Kf3 Qe1 53. g4 Qxh4 54. Ke2 Qxg4+ 55. Kd3 f5 0-1


[Site "https://www.chess.com"]

[Event "Titled Tuesday Blitz March 15 Late 2022"]
[White "Beerdsen, Thomas"]
[Black "Olsen, Filip Boe"]
[WhiteFideId "1030108"]
[BlackFideId "1440640"]
[WhiteElo "2585"]
[BlackElo "2188"]
[Result "1/2-1/2"]
[Round "05"]
[TimeControl "180+1"]
[Date "2022.03.16"]
[WhiteClock "0:00:04"]
[BlackClock "0:00:10"]

1. e4 c6 2. d4 d5 3. f3 e6 4. Nc3 Bb4 5. Bd3 Nf6 6. e5 Nfd7 7. f4 c5 8. a3 Ba5 9. Qg4 g6 10. Nf3 Nc6 11. Be3 cxd4 12. Nxd4 Nxd4 13. Bxd4 Bb6 14. Bxb6 Qxb6 15. O-O-O a6 16. h4 h5 17. Qg5 Qd8 18. Qg3 Nc5 19. Kb1 Bd7 20. Qe3 Qb6 21. Ne2 O-O-O 22. Nd4 Na4 23. b3 Nc3+ 24. Kb2 Nxd1+ 25. Rxd1 Kb8 26. Qg1 Rc8 27. Nf3 Qc7 28. Qd4 Bb5 29. Ng5 Bxd3 30. Qxd3 Rhf8 31. Rd2 Qc6 32. Qd4 Rc7 33. Qd3 Rfc8 34. Qd4 Qb5 35. Qf2 Qa5 36. Qd4 Ka8 37. Kb1 Qxa3 38. Qd3 Qc5 39. Kb2 Kb8 40. Kb1 a5 41. Kb2 a4 42. bxa4 Qb4+ 43. Kc1 Qxa4 44. Kd1 Qxf4 45. Nf3 Rc3 46. Qb5 Qe4 47. Re2 Qc4 48. Qb2 Rc5 49. Nd2 Qd4 50. Ke1 Qg1+ 51. Nf1 Qd4 52. Qb6 Qxh4+ 53. g3 Qa4 54. Qd8+ Ka7 55. Qd6 Qa1+ 56. Kf2 Rxc2 57. Nd2 Qa2 58. Kf3 Rc6 59. Qb4 R2c3+ 60. Kf4 R3c4+ 61. Nxc4 Rxc4+ 62. Kg5 Rxb4 63. Rxa2+ Kb6 64. Kf6 Rb3 65. Kxf7 Rxg3 66. Kxe6 h4 67. Kd7 h3 68. Rh2 g5 69. e6 g4 70. e7 Re3 71. e8=Q Rxe8 72. Kxe8 d4 73. Rxh3 Kc5 74. Rh4 d3 75. Rxg4 d2 76. Rg1 Kd4 77. Kd7 Kc3 78. Kd6 b5 79. Kc5 b4 80. Rg3+ Kc2 81. Kxb4 d1=Q 82. Rc3+ Kb2 83. Rc4 Qd6+ 84. Kb5 Kb3 85. Rc5 Qd7+ 86. Rc6 Qb7+ 87. Rb6 Qd5+ 88. Ka6+ Ka4 89. Ka7 Ka5 90. Ra6+ Kb5 91. Rb6+ Kc5 92. Rb7 Qd6 93. Ka8 Kc6 94. Rb6+ Kxb6 1/2-1/2


[Site "https://www.chess.com"]

[Event "Titled Tuesday Blitz March 15 Late 2022"]
[White "Bettalli, Francesco"]
[Black "Royal, Shreyas"]
[WhiteFideId "2816453"]
[BlackFideId "448869"]
[WhiteElo "2216"]
[BlackElo "1986"]
[Result "1-0"]
[Round "05"]
[TimeControl "180+1"]
[Date "2022.03.16"]
[WhiteClock "0:00:18"]
[BlackClock "0:00:08"]

1. d4 Nf6 2. Nc3 d5 3. Bf4 g6 4. e3 Bg7 5. Nf3 O-O 6. Be2 c5 7. dxc5 Qa5 8. Qd2 Nc6 9. O-O Rd8 10. Ne5 Bf5 11. Nxc6 bxc6 12. a3 Re8 13. b4 Qd8 14. Be5 Ne4 15. Nxe4 Bxe5 16. Nc3 d4 17. e4 dxc3 18. Qxd8 Raxd8 19. exf5 gxf5 20. Rad1 Rd4 21. Rxd4 Bxd4 22. Bf3 Rc8 23. Rd1 e5 24. Kf1 Kg7 25. g4 Kf6 26. gxf5 Kxf5 27. Ke2 Kf4 28. h3 f5 29. Bh5 a5 30. Bf7 axb4 31. axb4 Rb8 32. Rb1 Bxc5 33. Be8 Bxb4 34. Bxc6 e4 35. Bd5 Ke5 36. Bb3 Bc5 37. Rd1 Bd4 38. Ra1 Rb7 39. Ra5+ Kf4 40. Be6 Be5 41. Ra8 Rb1 42. Rf8 e3 43. fxe3+ Ke4 44. Bd7 Bg3 45. Re8+ Kd5 46. Bxf5 h5 47. Kd3 Be5 48. e4+ Kd6 49. Re6+ 1-0


[Site "https://www.chess.com"]

[Event "Titled Tuesday Blitz March 15 Late 2022"]
[White "Bilych, Olexiy"]
[Black "Hirneise, Jens"]
[WhiteFideId "14156504"]
[BlackFideId "24614734"]
[WhiteElo "2176"]
[BlackElo "2359"]
[Result "1-0"]
[Round "05"]
[TimeControl "180+1"]
[Date "2022.03.16"]
[WhiteClock "0:01:22"]
[BlackClock "0:01:09"]

1. d4 Nf6 2. c4 d6 3. Nf3 Nbd7 4. g3 e5 5. Bg2 Be7 6. O-O O-O 7. Nc3 c6 8. e4 a5 9. h3 Re8 10. Be3 Bf8 11. d5 c5 12. Ne1 g6 13. Nd3 Bg7 14. a3 Kh8 15. Nb5 Ra6 16. b4 cxb4 17. axb4 Bf8 18. c5 axb4 19. cxd6 Bg7 20. Nxb4 Rxa1 21. Qxa1 Rg8 22. Rc1 Nb6 23. Qa7 Nbd7 24. Qa8 Re8 25. Na7 Nf8 26. Rxc8 1-0


[Site "https://www.chess.com"]

[Event "Titled Tuesday Blitz March 15 Late 2022"]
[White "Borodavkin, Anatoly"]
[Black "Foisor, Sabina-Francesca"]
[WhiteFideId "14150662"]
[BlackFideId "1212915"]
[WhiteElo "1845"]
[BlackElo "2243"]
[Result "1-0"]
[Round "05"]
[TimeControl "180+1"]
[Date "2022.03.16"]
[WhiteClock "0:00:05"]
[BlackClock "0:00:07"]

1. e4 c6 2. d4 d5 3. exd5 cxd5 4. Bd3 g6 5. Nf3 Bg7 6. O-O Nf6 7. c3 O-O 8. h3 a6 9. Bf4 Nc6 10. Nbd2 b5 11. Ne5 Bb7 12. Ndf3 Ne4 13. Re1 Nxe5 14. dxe5 Nc5 15. Bc2 e6 16. Qd2 Rc8 17. Bh6 Nd7 18. Bxg7 Kxg7 19. Rad1 Qe7 20. Nd4 Rc4 21. Bd3 Rc7 22. Qf4 h6 23. h4 Nb6 24. Qg4 Nc4 25. Bxg6 fxg6 26. Nxe6+ Kh7 27. Nxf8+ Qxf8 28. e6 Re7 29. b3 Nd6 30. c4 bxc4 31. bxc4 Nxc4 32. Rb1 Nd6 33. Rb6 Qf5 34. Qe2 Ne4 35. f3 Nf6 36. Rxb7 Rxb7 37. e7 Ne8 38. Qxa6 Qd7 39. Qd3 Rc7 40. a4 Qd6 41. a5 Rxe7 42. Rxe7+ Qxe7 43. Qxd5 Qa7+ 44. Kh2 Qxa5 45. Qxa5 Ng7 46. Qa7 1-0


[Site "https://www.chess.com"]

[Event "Titled Tuesday Blitz March 15 Late 2022"]
[White "Brunner, Nicolas"]
[Black "Thavandiran, Shiyam"]
[WhiteFideId "620246"]
[BlackFideId "2605058"]
[WhiteElo "2372"]
[BlackElo "2357"]
[Result "0-1"]
[Round "05"]
[TimeControl "180+1"]
[Date "2022.03.16"]
[WhiteClock "0:00:04"]
[BlackClock "0:00:04"]

1. d4 Nf6 2. c4 e6 3. g3 c5 4. d5 exd5 5. cxd5 d6 6. Nc3 g6 7. Nf3 Bg7 8. Bg2 O-O 9. O-O a6 10. a4 Re8 11. Nd2 Nbd7 12. h3 Rb8 13. Nc4 Nb6 14. Na3 Bd7 15. e4 Nxa4 16. Nxa4 b5 17. Nxc5 dxc5 18. Bf4 Nxe4 19. Bxb8 Qxb8 20. Re1 Nd6 21. Qc2 c4 22. Rad1 h5 23. Qc1 Qc8 24. Rxe8+ Qxe8 25. Nc2 Qe5 26. Nd4 b4 27. f4 Qe8 28. Nc6 Qe2 29. Nxb4 Bxb2 30. Qc2 Qe3+ 31. Kh2 Ba3 32. Nxa6 h4 33. gxh4 Qxf4+ 34. Kh1 Nf5 35. Qc3 Ng3+ 36. Kh2 Ne2+ 37. Kh1 Nxc3 0-1


[Site "https://www.chess.com"]

[Event "Titled Tuesday Blitz March 15 Late 2022"]
[White "Chen, Justin"]
[Black "Sanal, Vahap"]
[WhiteFideId "2098199"]
[BlackFideId "6300545"]
[WhiteElo "2473"]
[BlackElo "2603"]
[Result "1-0"]
[Round "05"]
[TimeControl "180+1"]
[Date "2022.03.15"]
[WhiteClock "0:00:21"]
[BlackClock "0:01:49"]

1. d4 Nf6 2. Nf3 g6 3. b3 Bg7 4. Bb2 d6 5. g3 O-O 6. Bg2 Bd7 7. O-O Qc8 8. Re1 Bh3 9. Bh1 h6 10. c4 Ng4 11. Nc3 e5 12. dxe5 dxe5 13. Nd5 Nc6 14. Nd2 f5 15. b4 Kh7 16. b5 Nd4 17. Bxd4 exd4 18. Nf4 Nxf2 19. Kxf2 g5 20. Nxh3 f4 21. Be4+ Kh8 22. Kg2 Qe6 23. Qc2 Rae8 24. Qd3 Be5 25. Rf1 Rf6 26. gxf4 gxf4 27. Kh1 f3 28. Rxf3 Rxf3 29. Nxf3 Bd6 30. Nd2 Be5 31. Rg1 Qd6 32. Bd5 Rf8 33. Rg6 Rf6 34. Rxf6 Qxf6 35. Qf3 Qe7 36. Qf7 Qd8 37. Nf3 Bg7 38. Nf4 Qc8 39. Ne6 Qg8 40. Qxg8+ Kxg8 41. Nxg7+ Kxg7 42. Nxd4 Kf6 43. Bxb7 c6 44. bxc6 Ke5 45. c7 Kd6 46. c8=Q Ke5 47. Qc5+ Kf4 48. Nf3 h5 49. Qe5+ Kg4 50. Bc8# 1-0


[Site "https://www.chess.com"]

[Event "Titled Tuesday Blitz March 15 Late 2022"]
[White "Chiku-Ratte, Olivier-Kenta"]
[Black "Martinez Alcantara, Jose Eduardo"]
[WhiteFideId "2614782"]
[BlackFideId "3805662"]
[WhiteElo "2324"]
[BlackElo "2690"]
[Result "0-1"]
[Round "05"]
[TimeControl "180+1"]
[Date "2022.03.15"]
[WhiteClock "0:00:03"]
[BlackClock "0:00:07"]

1. Nf3 c5 2. c4 Nc6 3. b3 e5 4. d3 g6 5. Bb2 Bg7 6. Nbd2 d6 7. g3 Nge7 8. Bg2 O-O 9. Rb1 h6 10. O-O f5 11. e3 g5 12. Ne1 Be6 13. f4 Qd7 14. Ndf3 g4 15. Nd2 Rad8 16. e4 Nd4 17. Nc2 h5 18. Ne3 exf4 19. gxf4 Rde8 20. Nd5 Ng6 21. Kh1 Kh7 22. Qe1 b5 23. Qf2 a5 24. Bc3 b4 25. Bb2 a4 26. Nb6 Qd8 27. Nxa4 Bh6 28. Bxd4 cxd4 29. exf5 Bxf5 30. Ne4 Bxf4 31. Qxd4 Be5 32. Qa7+ Kh8 33. Qe3 Qh4 34. Ng3 Kh7 35. Be4 Bxe4+ 36. dxe4 Bf4 37. Qa7+ Re7 38. Qg1 Qg5 39. Rbe1 Ref7 40. Nf5 Be5 41. Nb6 Nh4 42. Nd5 Nxf5 43. exf5 Rxf5 44. Rxf5 Qxf5 45. Qg2 Qf2 46. Qe4+ Kg7 47. Qe2 Rf3 48. Ne3 Qh4 49. Qxf3 Qxe1+ 50. Qf1 Qxe3 51. c5 Qxc5 52. Qg2 Qc1+ 53. Qg1 Qxg1+ 54. Kxg1 Kf6 55. Kg2 Kf5 0-1


[Site "https://www.chess.com"]